 Dungeon Crawl Stone Soup version 0.28.0-45-g0d030f2227 (webtiles) character file.

Game seed: 10552934108130293677

2230 Zeld the Zephyrmancer (level 9, -1/45 HPs)
             Began as a Tengu Air Elementalist on Apr 6, 2022.
             Was an Initiate of Vehumet.
             Slain by a bullfrog (5 damage)
             ... on level 7 of the Dungeon.
             The game lasted 00:08:19 (8363 turns).

Zeld the Zephyrmancer (Tengu Air Elementalist)      Turns: 8363, Time: 00:08:20

Health: -1/45      AC:  3    Str:  3    XL:     9   Next: 36%
Magic:  0/29       EV: 13    Int: 28    God:    Vehumet [......]
Gold:   190        SH:  0    Dex: 13    Spells: 12/22 levels left

rFire   . . .      SeeInvis .   (no weapon)
rCold   . . .      Faith    .   (no shield)
rNeg    + . .      Spirit   +   w - +0 leather armour "Sofev" {rPois rN+}
rPois   +          Reflect  .   (helmet restricted)
rElec   .          Harm     .   (no cloak)
rCorr   .          Rampage  .   (no gloves)
Will    .....                   (boots unavailable)
Stlth   ++........              n - amulet of the Stag {Spirit MP+9 Str-5 Int+8 Dex-2}
HPRegen 0.15/turn               (no ring)
MPRegen 0.21/turn               (no ring)

@: flying quickly and evasively, quick
A: beak, talons 3, nimble flight
a: Renounce Religion


You were on level 7 of the Dungeon.
You worshipped Vehumet.
Vehumet was noncommittal.
You visited 2 branches of the dungeon, and saw 8 of its levels.

You collected 190 gold pieces.

Inventory:

Armour
 w - the +0 leather armour "Sofev" (worn) {rPois rN+}
   (You took it off Dowan on level 6 of the Dungeon)

   rPois:     It protects you from poison.
   rN:        It protects you from negative energy.
Jewellery
 n - the amulet of the Stag (around neck) {Spirit MP+9 Str-5 Int+8 Dex-2}
   (You found it on level 4 of the Dungeon)

   [amulet of guardian spirit]

   It causes incoming damage to be divided between your reserves of health and
   magic.
   Str:       It affects your strength (-5).
   Int:       It affects your intelligence (+8).
   Dex:       It affects your dexterity (-2).
   MP:        It affects your magic capacity (+9).
Wands
 a - a wand of polymorph (12)
Scrolls
 b - 2 scrolls of magic mapping {unknown}
 c - 7 scrolls of identify {unknown}
 d - 4 scrolls of blinking {unknown}
 e - a scroll of enchant weapon {unknown}
 h - a scroll of fear {unknown}
 j - 2 scrolls of teleportation {unknown}
 k - a scroll of vulnerability {unknown}
 m - 3 scrolls of enchant armour {unknown}
 o - a scroll of noise {unknown}
 r - a scroll of amnesia {unknown}
Potions
 f - 2 potions of lignification {unknown}
 g - 4 potions of curing {unknown}
 i - a potion of berserk rage {unknown}
 l - a potion of attraction {unknown}
 q - a potion of brilliance {unknown}
 s - 2 potions of heal wounds {unknown}
 t - a potion of invisibility {unknown}
 u - a potion of mutation {unknown}
 v - a potion of degeneration {unknown}


   Skills:
 - Level 3.0 Dodging
 - Level 3.0 Stealth
 * Level 7.2 Spellcasting
 + Level 7.0 Conjurations
 * Level 9.0 Air Magic
 + Level 3.7 Evocations


You had 12 spell levels left.
You knew the following spells:

 Your Spells              Type           Power      Damage    Failure   Level
a - Shock                 Conj/Air       100%       1d9       1%          1
b - Static Discharge      Conj/Air       53%        N/A       1%          2
c - Swiftness             Air            57%        N/A       1%          3
d - Airstrike             Air            28%        N/A       2%          4

Your spell library contained the following spells:

 Spells                   Type           Power      Damage    Failure   Level
 Dazzling Flash           Conj/Hex       58%        N/A       8%          3
 Iskenderun's Mystic Bla  Conj/Tloc      29%        2d7       24%         4
 Starburst                Conj/Fire      14%        6d6       98%         6


Dungeon Overview and Level Annotations

Branches:
Dungeon (7/15)             Temple (1/1) D:4

Altars:
Ashenzari
Cheibriados
Dithmenos
Elyvilon
Fedhas
Gozag
Hepliaklqana
Kikubaaqudgha
Makhleb
Nemelex Xobeh
Okawaru
Qazlal
Ru
Sif Muna
Trog
Uskayaw
Vehumet
Wu Jian
Xom
Yredelemnul
Zin
The Shining One

Shops:
D:5 [


Innate Abilities, Weirdness & Mutations

You have a beak for a mouth.
You have claws for feet.
Your magical nature lets you fly swiftly and evasively.


Message History

Unknown command.
Casting: Shock (safe; 1% risk of failure)
Confirm with . or Enter, or press ? or * to list all spells.
Aiming: Shock (safe; 1% risk of failure)
Press: ? - help, Shift-Dir - straight line, f/p - bullfrog
Aim: a bullfrog (heavily wounded, 67% to hit)
The zap hits the bullfrog.
The bullfrog is severely wounded.
The bullfrog hits you.
* * * LOW HITPOINT WARNING * * *
The bullfrog closely misses you.
You aren't carrying any items that you can evoke.
You hit the bullfrog.
The bullfrog is severely wounded.
The bullfrog misses you. The bullfrog hits you.
* * * LOW HITPOINT WARNING * * *
The bullfrog misses you.
The bullfrog hits you but does no damage.
The bullfrog hits you.
* * * LOW HITPOINT WARNING * * *
You see here a wand of polymorph (12).
a - a wand of polymorph (12)
The bullfrog misses you. The bullfrog misses you.
Aiming: Polymorph
Press: ? - help, Shift-Dir - straight line, f/p - bullfrog
Aim: a bullfrog (severely wounded, will become a jelly, a killer bee, or a wyvern, chance to affect: 58%)
Okay, then.
The bullfrog hits you.
* * * LOW HITPOINT WARNING * * *
Found 12 gold pieces.
Casting: Shock (safe; 1% risk of failure)
Confirm with . or Enter, or press ? or * to list all spells.
Aiming: Shock (safe; 1% risk of failure)
Press: ? - help, Shift-Dir - straight line, f/p - bullfrog
Aim: a bullfrog (severely wounded, 67% to hit)
The zap misses the bullfrog.
The bullfrog barely misses you. The bullfrog hits you.
You die...

.##. ...... #######
..... #.....####+###.$
.... +......F@.......
#####'###.(.............
..........[.$...........
........................
......................#+
..........[...#########
).)...........#
.######+#.....# .#
#.....#


You could see a bullfrog.

Vanquished Creatures
  Pikel (D:6)
  Duvessa (D:6)
  An ice beast (D:7)
  A sky beast (D:6)
  An orc warrior (D:7)
  5 ogres
  A centaur (D:7)
  4 lemures (D:6)
  A gnoll sergeant (D:7)
  3 water moccasin zombies
  Dowan (D:6)
  A water moccasin skeleton (D:7)
  3 howler monkeys (D:7)
  An electric eel (D:6)
  A centaur zombie (D:7)
  A hound (D:6)
  A jelly (D:3)
  A scorpion zombie (D:5)
  2 iguanas
  An orc wizard (D:3)
  4 gnolls (D:7)
  6 adders
  2 shadow imps
  A white imp (D:5)
  A worm (D:3)
  3 dart slugs
  6 orcs
  7 bats
  7 endoplasms
  9 goblins
  4 hobgoblins
  6 jackals
  4 quokkas
  7 ball pythons
  4 frilled lizards
  7 kobolds
  6 rats
116 creatures vanquished.

Notes
Turn   | Place    | Note
-------+----------+-------------------------------------------
     0 | D:1      | Zeld the Tengu Air Elementalist began the quest for the
                  | Orb.
     0 | D:1      | Reached XP level 1. HP: 10/10 MP: 4/4
   251 | D:1      | Reached XP level 2. HP: 15/15 MP: 4/6
   997 | D:1      | Reached XP level 3. HP: 14/19 MP: 3/7
  1000 | D:1      | Learned a level 2 spell: Static Discharge
  1004 | D:1      | Learned a level 3 spell: Swiftness
  1594 | D:2      | Reached XP level 4. HP: 17/24 MP: 4/9
  2353 | D:3      | Reached skill level 5 in Air Magic
  2628 | D:2      | Gained mutation: Your magical nature lets you fly swiftly
                  | and evasively. [Tengu growth]
  2628 | D:2      | Reached XP level 5. HP: 27/28 MP: 6/10
  2685 | D:3      | Learned a level 4 spell: Airstrike
  3435 | D:4      | Identified the amulet of the Stag {Spirit MP+9 Str-5 Int+8
                  | Dex-2}
  3589 | D:4      | Noticed an ogre
  3592 | D:4      | Killed an ogre
  3592 | D:4      | Noticed an ogre
  3593 | D:4      | Reached XP level 6. HP: 32/32 MP: 8/13
  3863 | D:4      | Identified the +6 scale mail "Zaotten" {Harm Dex+4 Slay+3
                  | Stlth+}
  4021 | D:4      | Found a staircase to the Ecumenical Temple.
  4074 | Temple   | Entered the Ecumenical Temple
  4153 | Temple   | Became a worshipper of Vehumet
  4326 | D:5      | Entered Level 5 of the Dungeon
  4405 | D:5      | Reached XP level 7. HP: 36/36 MP: 10/15
  4485 | D:5      | Found a stormy altar of Qazlal.
  4724 | D:5      | Reached skill level 5 in Spellcasting
  4860 | D:5      | Found Nikkuan's Armour Boutique.
  5982 | D:6      | Reached skill level 5 in Conjurations
  6173 | D:6      | Noticed Dowan
  6195 | D:6      | Reached skill level 1 in Evocations
  6433 | D:6      | Identified the +0 leather armour "Sofev" {rPois rN+}
  6435 | D:6      | Noticed Duvessa
  6601 | D:6      | Reached skill level 6 in Air Magic
  6671 | D:6      | Reached XP level 8. HP: 41/41 MP: 13/17
  7059 | D:6      | Noticed Pikel
  7093 | D:6      | Killed Pikel
  7094 | D:6      | Reached skill level 7 in Air Magic
  7546 | D:6      | Killed Duvessa
  7550 | D:6      | Killed Dowan
  7808 | D:7      | Reached skill level 8 in Air Magic
  7808 | D:7      | Reached XP level 9. HP: 45/45 MP: 15/20
  8278 | D:7      | Found the +9 sword of Zonguldrok {reap}
  8336 | D:7      | Reached skill level 9 in Air Magic
  8363 | D:7      | Slain by a bullfrog

Illustrated notes

Levels and vault maps discovered:
D:1:      dpeg_arrival_rhombus, layout_rooms, serial_co_window_serial,
          co_window_paths_a, co_window_corner_a, co_window_of_opportunity_a,
          co_window_paths_a, co_window_paths_a, co_window_paths_b,
          co_window_paths_b, co_window_2corner, co_window_2corner,
          co_window_broadway_a, co_window_sun, glass_columns_b, glass_columns_c,
          glass_columns_b, glass_columns_a, glass_columns_a
D:2:      layout_rooms
D:3:      layout_rooms
D:4:      layout_cave_pools, minmay_temple_entry_butterflies
D:5:      layout_basic, lemuel_coloured_pillars_altar, serial_shops,
          nicolae_shop_statue_plus
D:6:      layout_cave_pods, serial_rivers, chequers_serial_rivers_small_b,
          chequers_serial_rivers_large_b, chequers_serial_rivers_large_a,
          chequers_serial_rivers_room_a, nicolae_water_bricks, uniq_pikel,
          uniq_duvessa
D:7:      layout_gridville
Temple:   compressed_dpeg_circular_temple

Skill      XL: |  1  2  3  4  5  6  7  8  9 |
---------------+----------------------------+-----
Conjurations   | 2 3 4 5 6 7 |  7.0
Air Magic      | 5 6 8 9 |  9.0
Spellcasting   | 3 4 5 6 7 |  7.2
Dodging        | 3 |  3.0
Stealth        | 3 |  3.0
Evocations     | 1 3 |  3.7

Action                   |  1- 3 |  4- 6 |  7- 9 || total
-------------------------+-------+-------+-------++-------
Melee: Unarmed           |     2 |    22 |    13 ||    37
       Peck              |     3 |     4 |     2 ||     9
       Rapier            |    17 |    12 |       ||    29
       Kick              |     4 |     6 |     4 ||    14
 Cast: Shock             |    51 |    89 |    20 ||   160
       Airstrike         |       |     7 |    68 ||    75
       Static Discharge  |       |     1 |       ||     1
Evoke: Wand              |       |       |     6 ||     6
 Stab: Sleeping          |     1 |     1 |     1 ||     3
Armor: Robe              |     4 |     4 |     1 ||     9
       Leather armour    |       |       |     1 ||     1
Dodge: Dodged            |    17 |    40 |    28 ||    85
